WCHLSIM.com - West Coast Hockey League
Dernière mise à jour: 2025-12-07 16:11:59
html PUBLIC "-//W3C//DTD XHTML 1.0 Transitional//EN" "http://www.w3.org/TR/xhtml1/DTD/xhtml1-transitional.dtd"> WCHL - Game 396 - LONG BEACH BARACUDAS vs SASKATOON DUCKS

LONG BEACH BARACUDAS vs SASKATOON DUCKS

Created - 10 décembre 2024 at 08:59

Goals
1 2 3 T
LONG BEACH BARACUDAS 4 2 2 8
SASKATOON DUCKS 2 0 1 3
Shots
1 2 3 T
LONG BEACH BARACUDAS 13 11 13 37
SASKATOON DUCKS 9 9 8 26

1st period

1. LONG BEACH BARACUDAS , Sam Reinhart 17 (Ryan O'Reilly 24, Drew Doughty 14) at 1:09
2. LONG BEACH BARACUDAS , Seth Jarvis 8 (Nikita Kucherov 15, Aleksander Barkov 19) at 4:22
3. LONG BEACH BARACUDAS , Owen Tippett 5 (Seth Jarvis 12, Aleksander Barkov 20) at 10:10 (PP)
4. LONG BEACH BARACUDAS , Kyle Connor 4 (Ryan O'Reilly 25, Sam Reinhart 15) at 15:55 (PP)
5. SASKATOON DUCKS , T.J. Brodie 4 (Jake Guentzel 17, Jake Sanderson 21) at 16:24 (PP)
6. SASKATOON DUCKS , Jake Sanderson 7 (Jake Guentzel 18, Ivan Barbashev 4) at 17:33

Penalties :
Jake Sanderson (SAS) for Tripping (Minor) at 8:12, Ivan Barbashev (SAS) for Cross-checking (Minor) at 11:04, Ben Chiarot (SAS) for Roughing (Minor) at 15:39, Alexander Romanov (LOB) for Hooking (Minor) at 16:08

2nd period

7. LONG BEACH BARACUDAS , Kyle Connor 5 (Ryan O'Reilly 26) at 9:54
8. LONG BEACH BARACUDAS , Ryan O'Reilly 13 (Sam Reinhart 16) at 15:20

Penalties :
Ben Chiarot (SAS) for Interference (Minor) at 2:07, Aleksander Barkov (LOB) for High sticking (Minor) at 7:23

3rd period

9. LONG BEACH BARACUDAS , Nikita Kucherov 18 (Aleksander Barkov 21, Brendan Smith 4) at 14:16
10. LONG BEACH BARACUDAS , Sam Reinhart 18 (Ryan O'Reilly 27) at 16:21
11. SASKATOON DUCKS , Mathieu Joseph 5 (Ivan Barbashev 5, Cayden Primeau) at 19:58 (PP)

Penalties :
Alex Vlasic (LOB) for Holding (Minor) at 7:01, Mathieu Joseph (SAS) for Tripping (Minor) at 10:44, T.J. Brodie (SAS) for Hooking (Minor) at 16:28, Aleksander Barkov (LOB) for Tripping (Minor) at 19:46

Goalie Stats

Ukko-Pekka Luukkonen (LOB), 23 saves from 26 shots - (0,885), W, 16-4-2, 60:00 minutes
Cayden Primeau (SAS), 9 saves from 13 shots - (0,692), L, 6-10-1, 17:29 minutes
Matt Tomkins (SAS), 20 saves from 24 shots - (0,833), 42:31 minutes

Players Stats for LONG BEACH BARACUDAS

Player Name              G  A  P  +/- PIM S  H  SB GA TA FO     MP     PP MP  PK MP  
------------------------------------------------------------------------------------
Aleksander Barkov        0  3  3   1  4   1  1  0  0  0  11/25  22:50   5:13   0:21 
Alex Vlasic              0  0  0   0  2   0  2  1  0  0  0/0    23:40   4:53   0:12 
Alexander Romanov        0  0  0   4  2   0  0  0  0  0  0/0    18:06   0:00   1:41 
Boris Katchouk           0  0  0   0  0   0  0  0  0  0  0/0     4:41   0:00   0:27 
Brendan Smith            0  1  1   1  0   0  1  1  0  0  0/0    15:39   5:17   0:00 
Calvin De Haan           0  0  0   1  0   1  0  1  0  0  0/0    12:15   0:00   1:53 
Drew Doughty             0  1  1   4  0   2  1  2  0  0  0/0    18:59   0:00   2:33 
Kyle Connor              2  0  2   4  0   6  0  0  0  0  0/1    19:01   4:57   0:00 
Nicolas Roy              0  0  0   0  0   0  1  0  0  0  2/9     5:34   0:00   1:20 
Nikita Kucherov          1  1  2   1  0   5  0  0  0  0  0/0    22:11   4:53   0:00 
Owen Tippett             1  0  1   0  0   3  0  0  0  0  0/1    10:47   5:13   1:20 
Ryan O'Reilly            1  4  5   4  0   6  0  0  0  0  15/24  19:01   4:57   0:00 
Sam Reinhart             2  2  4   4  0   6  1  0  0  0  0/0    19:21   5:17   0:00 
Seth Jarvis              1  1  2   1  0   5  0  0  0  0  0/3    22:31   5:13   0:00 
Teuvo Teravainen         0  0  0   0  0   0  1  0  0  0  1/4    17:24   4:57   2:39 
Valeri Nichushkin        0  0  0   0  0   0  0  0  0  0  1/2     9:48   0:00   0:00 
William Karlsson         0  0  0   0  0   1  0  0  0  0  10/16  12:33   0:00   2:45 
Zachary Werenski         0  0  0   0  0   1  0  2  0  0  0/0    21:09   0:00   2:33 

Players Stats for SASKATOON DUCKS

Player Name              G  A  P  +/- PIM S  H  SB GA TA FO     MP     PP MP  PK MP  
------------------------------------------------------------------------------------
Ben Chiarot              0  0  0  -3  4   0  4  3  0  0  0/0    18:57   0:00   4:48 
Cam Atkinson             0  0  0   0  0   1  0  0  0  0  0/1    16:58   0:34   6:38 
Emil Martinsen Lilleberg 0  0  0  -1  0   1  2  0  0  0  0/0    15:07   0:00   1:58 
Erik Gustafsson          0  0  0  -1  0   0  0  0  0  0  0/0    13:55   0:00   0:46 
Ivan Barbashev           0  2  2  -2  2   2  1  0  0  0  0/0    20:27   1:14   2:47 
Jake Guentzel            0  2  2  -2  0   5  1  0  0  0  0/2    18:37   2:10   0:00 
Jake Sanderson           1  1  2  -1  2   3  0  0  0  0  0/0    25:21   2:14   5:02 
Jordan Staal             0  0  0  -3  0   2  1  0  0  0  17/25  21:11   2:16   6:23 
Kailer Yamamoto          0  0  0   0  0   0  0  0  0  0  0/0     6:39   0:00   0:00 
Kasperi Kapanen          0  0  0   0  0   0  0  0  0  0  1/1     6:39   0:00   0:00 
Mathieu Joseph           1  0  1   0  2   3  0  0  0  0  2/3    12:41   2:56   0:00 
Milan Lucic              0  0  0   0  0   0  0  0  0  0  0/0     0:15   0:00   0:15 
Ondrej Palat             0  0  0  -3  0   1  0  0  0  0  2/3    14:14   1:42   0:00 
Robert Fabbri            0  0  0   0  0   0  1  0  0  0  5/13   11:07   1:21   0:00 
Ryan Strome              0  0  0  -3  0   0  0  1  0  0  6/12   23:49   1:07   3:31 
Samuel Girard            0  0  0  -3  0   2  0  1  0  0  0/0    19:44   2:12   3:23 
Sidney Crosby            0  0  0  -2  0   4  0  0  0  0  12/25  19:23   2:10   0:46 
T.J. Brodie              1  0  1  -1  2   2  0  6  0  0  0/0    24:40   2:14   4:23 

3 Stars

1 - Sam Reinhart (LOB)
2 - Ryan O'Reilly (LOB)
3 - Kyle Connor (LOB)

Power Play

LONG BEACH BARACUDAS - 2 on 6 Attempt(s) - 33,33%
SASKATOON DUCKS - 2 on 4 Attempt(s) - 50,00%

Penalty Kill

LONG BEACH BARACUDAS - 2 on 4 Attempt(s) - 50,00% - Score 0 goal in Penalty Kill
SASKATOON DUCKS - 4 on 6 Attempt(s) - 66,67% - Score 0 goal in Penalty Kill

Team Stat

LONG BEACH BARACUDAS - Hits : 8 - Faceoff Wins : 40 - Blocked Shots : 7 - Penalty Minutes : 8
SASKATOON DUCKS - Hits : 10 - Faceoff Wins : 45 - Blocked Shots : 11 - Penalty Minutes : 12

Official

Referees : Kyle Rehman and Ian Walsh
Linesman : Vaughan Rody and Luke Murray

Game Notes

Matt Tomkins enters game at 15:55 of 1st period
Matt Tomkins is injured at 18:26 of 3rd period (Strained Left Elbow)
Cayden Primeau enters game at 18:26 of 3rd period

Finance

Level 1 -- Attendance: 6600 (100,00%) -- Ticket Income 693 000 $
Level 2 -- Attendance: 5600 (100,00%) -- Ticket Income 364 000 $
Level 3 -- Attendance: 2200 (100,00%) -- Ticket Income 88 000 $
Level 4 -- Attendance: 4600 (100,00%) -- Ticket Income 115 000 $
Luxury Box -- Attendance: 1000 (100,00%) -- Ticket Income 205 000 $
Total Attendance: 20000 (100,00%)
Total Ticket Income: 1 465 000 $
Other Expense: 14 650 $
Total Income: 1 450 350 $

LONG BEACH BARACUDAS

5 vs 5 Forward 
   Center                   Left Wing                Right Wing               Time % Phy DF OF 
 1 Aleksander Barkov        Seth Jarvis              Nikita Kucherov          39     1   2  2  
 2 Ryan O'Reilly            Kyle Connor              Sam Reinhart             34     1   2  2  
 3 William Karlsson         Teuvo Teravainen         Valeri Nichushkin        18     0   2  3  
 4 Nicolas Roy              Boris Katchouk           Owen Tippett             9      0   3  2  

5 vs 5 Defense 
   Defense                  Defense                                           Time % Phy DF OF 
 1 Alex Vlasic              Zachary Werenski                                  40     1   2  2  
 2 Drew Doughty             Alexander Romanov                                 30     1   2  2  
 3 Calvin De Haan           Brendan Smith                                     20     1   3  1  
 4 Drew Doughty             Alexander Romanov                                 10     0   2  2  

PowerPlay Forward 
   Center                   Left Wing                Right Wing               Time % Phy DF OF 
 1 Ryan O'Reilly            Kyle Connor              Teuvo Teravainen         55     0   1  4  
 2 Aleksander Barkov        Seth Jarvis              Owen Tippett             45     0   1  4  

PowerPlay Defense
   Defense                  Defense                                           Time % Phy DF OF 
 1 Nikita Kucherov          Alex Vlasic                                       55     0   2  3  
 2 Brendan Smith            Sam Reinhart                                      45     0   2  3  

Penalty Kill 4 Players Forward 
   Center                   Wing                     Time % Phy DF OF 
 1 William Karlsson         Teuvo Teravainen         60     0   4  1  
 2 Nicolas Roy              Owen Tippett             40     0   4  1  

Penalty Kill 4 Players Defense
   Defense                  Defense                  Time % Phy DF OF 
 1 Drew Doughty             Zachary Werenski         55     0   5  0  
 2 Alexander Romanov        Calvin De Haan           45     0   5  0  

Penalty Kill - 3 Players Forward 
   Forward                                           Time % Phy DF OF 
 1 Aleksander Barkov                                 55     1   4  0  
 2 William Karlsson                                  45     1   4  0  

Penalty Kill - 3 Players Defense
   Defense                  Defense                  Time % Phy DF OF 
 1 Drew Doughty             Brendan Smith            55     1   4  0  
 2 Alexander Romanov        Calvin De Haan           45     1   4  0  

4 vs 4 Forward 
   Center                   Wing                     Time % Phy DF OF 
 1 Sam Reinhart             Valeri Nichushkin        55     0   2  3  
 2 William Karlsson         Owen Tippett             45     0   2  3  

4 vs 4 Defense
   Defense                  Defense                  Time % Phy DF OF 
 1 Alex Vlasic              Zachary Werenski         55     0   2  3  
 2 Calvin De Haan           Brendan Smith            45     0   3  2  

Last Minutes Offensive
   Center                   Left Wing                Right Wing               Defense                  Defense                  
   William Karlsson         Kyle Connor              Sam Reinhart             Drew Doughty             Zachary Werenski         

Last Minutes Defensive
   Center                   Left Wing                Right Wing               Defense                  Defense                  
   Ryan O'Reilly            Seth Jarvis              Nikita Kucherov          Alex Vlasic              Zachary Werenski         

Goaltenders
Starting : Ukko-Pekka Luukkonen     
Backup : Pyotr Kochetkov          

Extra Forwards
Normal : Teuvo Teravainen, William Karlsson, Owen Tippett - PP : Teuvo Teravainen, William Karlsson - PK : Teuvo Teravainen
Extra Defensemen
Normal : Calvin De Haan, Alex Vlasic, Alexander Romanov - PP : Calvin De Haan - PK : Alex Vlasic, Alexander Romanov
Penalty Shots
Aleksander Barkov, Nikita Kucherov, Sam Reinhart, Kyle Connor, Ryan O'Reilly
Custom OT Lines Forwards
Aleksander Barkov, Nikita Kucherov, Sam Reinhart, Ryan O'Reilly, Owen Tippett, William Karlsson, Kyle Connor, Seth Jarvis, Teuvo Teravainen, Boris Katchouk
Custom OT Lines Defensemen
Drew Doughty, Zachary Werenski, Alexander Romanov, Brendan Smith, Calvin De Haan

Scratches
Calen Addison (Healthy)

SASKATOON DUCKS

5 vs 5 Forward 
   Center                   Left Wing                Right Wing               Time % Phy DF OF 
 1 Sidney Crosby            Jake Guentzel            Ivan Barbashev           36     1   2  2  
 2 Jordan Staal             Ondrej Palat             Ryan Strome              31     1   2  2  
 3 Robert Fabbri            Mathieu Joseph           Cam Atkinson             23     1   2  2  
 4 Ryan Strome              Kasperi Kapanen          Kailer Yamamoto          10     1   2  2  

5 vs 5 Defense 
   Defense                  Defense                                           Time % Phy DF OF 
 1 T.J. Brodie              Jake Sanderson                                    36     1   2  2  
 2 Ben Chiarot              Samuel Girard                                     31     1   2  2  
 3 Erik Gustafsson          Emil Martinsen Lilleberg                          23     1   2  2  
 4 T.J. Brodie              Jake Sanderson                                    10     1   2  2  

PowerPlay Forward 
   Center                   Left Wing                Right Wing               Time % Phy DF OF 
 1 Sidney Crosby            Jake Guentzel            Mathieu Joseph           55     1   2  2  
 2 Jordan Staal             Ondrej Palat             Ivan Barbashev           45     1   2  2  

PowerPlay Defense
   Defense                  Defense                                           Time % Phy DF OF 
 1 T.J. Brodie              Jake Sanderson                                    55     1   2  2  
 2 Mathieu Joseph           Samuel Girard                                     45     1   2  2  

Penalty Kill 4 Players Forward 
   Center                   Wing                     Time % Phy DF OF 
 1 Jordan Staal             Cam Atkinson             55     1   2  2  
 2 Ryan Strome              Ivan Barbashev           45     1   2  2  

Penalty Kill 4 Players Defense
   Defense                  Defense                  Time % Phy DF OF 
 1 T.J. Brodie              Jake Sanderson           55     1   2  2  
 2 Ben Chiarot              Samuel Girard            45     1   2  2  

Penalty Kill - 3 Players Forward 
   Forward                                           Time % Phy DF OF 
 1 Jordan Staal                                      55     1   2  2  
 2 Ivan Barbashev                                    45     1   2  2  

Penalty Kill - 3 Players Defense
   Defense                  Defense                  Time % Phy DF OF 
 1 T.J. Brodie              Jake Sanderson           55     1   2  2  
 2 Ben Chiarot              Samuel Girard            45     1   2  2  

4 vs 4 Forward 
   Center                   Wing                     Time % Phy DF OF 
 1 Sidney Crosby            Jake Guentzel            55     1   2  2  
 2 Jordan Staal             Ivan Barbashev           45     1   2  2  

4 vs 4 Defense
   Defense                  Defense                  Time % Phy DF OF 
 1 T.J. Brodie              Jake Sanderson           55     1   2  2  
 2 Ben Chiarot              Samuel Girard            45     1   2  2  

Last Minutes Offensive
   Center                   Left Wing                Right Wing               Defense                  Defense                  
   Sidney Crosby            Jake Guentzel            Mathieu Joseph           T.J. Brodie              Jake Sanderson           

Last Minutes Defensive
   Center                   Left Wing                Right Wing               Defense                  Defense                  
   Sidney Crosby            Jake Guentzel            Mathieu Joseph           T.J. Brodie              Jake Sanderson           

Goaltenders
Starting : Cayden Primeau           
Backup : Matt Tomkins             

Extra Forwards
Normal : Sidney Crosby, Mathieu Joseph, Ivan Barbashev - PP : Robert Fabbri, Ryan Strome - PK : Cam Atkinson
Extra Defensemen
Normal : Jake Sanderson, T.J. Brodie, Ben Chiarot - PP : Ben Chiarot - PK : T.J. Brodie, Ben Chiarot
Penalty Shots
Sidney Crosby, Jake Guentzel, Jordan Staal, Ivan Barbashev, Ondrej Palat
Custom OT Lines Forwards
Sidney Crosby, Jake Guentzel, Jordan Staal, Ivan Barbashev, Ondrej Palat, Ryan Strome, Mathieu Joseph, Cam Atkinson, Robert Fabbri, Kasperi Kapanen
Custom OT Lines Defensemen
T.J. Brodie, Jake Sanderson, Ben Chiarot, Samuel Girard, Erik Gustafsson

Scratches
Tristan Jarry (Fractured Metatarsal (Right Foot) Injury)

% Time on Ice - LONG BEACH BARACUDAS

Lines # - Real PCT - Wanted PCT - Time Play
Normal Forward
1 - 38% - 39% - 17:18
2 - 31% - 34% - 14:04
3 - 22% - 18% - 9:48
4 - 9% - 9% - 4:14
Normal Defense
1 - 41% - 40% - 18:36
2 - 31% - 30% - 14:18
3 - 23% - 20% - 10:22
4 - 5% - 10% - 2:08
PP Forward
1 - 49% - 55% - 4:57
2 - 51% - 45% - 5:13
PP Defense
1 - 48% - 55% - 4:53
2 - 52% - 45% - 5:17
PK Forward
1 - 70% - 60% - 3:06
2 - 30% - 40% - 1:20
PK Defense
1 - 58% - 55% - 2:33
2 - 42% - 45% - 1:53
PK3 Forward
1 - 0% - 55%
2 - 0% - 45%
PK3 Defense
1 - 0% - 55%
2 - 0% - 45%
44 Forward
1 - 0% - 55%
2 - 0% - 45%
44 Defense
1 - 0% - 55%
2 - 0% - 45%
Last Minute Offensive  - 0:00
Last Minute Defensive  - 0:00
Total
Forward - 60:00
Defense - 60:00

% Time on Ice - SASKATOON DUCKS

Lines # - Real PCT - Wanted PCT - Time Play
Normal Forward
1 - 36% - 36% - 16:27
2 - 28% - 31% - 12:32
3 - 22% - 23% - 9:46
4 - 15% - 10% - 6:39
Normal Defense
1 - 36% - 36% - 16:21
2 - 31% - 31% - 14:11
3 - 29% - 23% - 13:09
4 - 4% - 10% - 1:43
PP Forward
1 - 62% - 55% - 2:44
2 - 38% - 45% - 1:42
PP Defense
1 - 50% - 55% - 2:14
2 - 50% - 45% - 2:12
PK Forward
1 - 63% - 55% - 6:24
2 - 37% - 45% - 3:46
PK Defense
1 - 67% - 55% - 6:47
2 - 33% - 45% - 3:23
PK3 Forward
1 - 0% - 55%
2 - 0% - 45%
PK3 Defense
1 - 0% - 55%
2 - 0% - 45%
44 Forward
1 - 0% - 55%
2 - 0% - 45%
44 Defense
1 - 0% - 55%
2 - 0% - 45%
Last Minute Offensive  - 0:00
Last Minute Defensive  - 0:00
Total
Forward - 60:00
Defense - 60:00

Play-by-Play

1st period


0:01 of 1st period - Sidney Crosby wins face-off versus Aleksander Barkov in neutral zone.
0:25 of 1st period - Shot by Seth Jarvis.
0:25 of 1st period - Stopped by Cayden Primeau without a rebound.
0:26 of 1st period - Ryan O'Reilly wins face-off versus Jordan Staal in SASKATOON DUCKS zone.
0:27 of 1st period - Shot by Sam Reinhart.
0:27 of 1st period - Shot Blocked by Ben Chiarot.
0:55 of 1st period - Shot by Jordan Staal.
0:55 of 1st period - Shot Misses the Net.
1:01 of 1st period - Shot by Sam Reinhart.
1:01 of 1st period - Shot Misses the Net.
1:03 of 1st period - Shot by Ryan O'Reilly.
1:03 of 1st period - Shot Misses the Net.
1:07 of 1st period - Shot by Sam Reinhart.
1:07 of 1st period - Stopped by Cayden Primeau with a rebound.
1:09 of 1st period - Shot by Sam Reinhart.
1:09 of 1st period - Goal by Sam Reinhart - LONG BEACH BARACUDAS : 1 - SASKATOON DUCKS : 0.
1:10 of 1st period - William Karlsson wins face-off versus Robert Fabbri in neutral zone.
1:48 of 1st period - Shot by William Karlsson.
1:48 of 1st period - Shot Misses the Net.
1:50 of 1st period - Shot by Calvin De Haan.
1:50 of 1st period - Stopped by Cayden Primeau without a rebound.
1:51 of 1st period - Aleksander Barkov wins face-off versus Sidney Crosby in SASKATOON DUCKS zone.
1:54 of 1st period - Shot by Seth Jarvis.
1:54 of 1st period - Stopped by Cayden Primeau with a rebound.
2:14 of 1st period - Shot by Jake Guentzel.
2:14 of 1st period - Shot Misses the Net.
2:28 of 1st period - Shot by Sidney Crosby.
2:28 of 1st period - Stopped by Ukko-Pekka Luukkonen without a rebound.
2:29 of 1st period - Ryan Strome wins face-off versus Nicolas Roy in LONG BEACH BARACUDAS zone.
3:51 of 1st period - Shot by Sidney Crosby.
3:51 of 1st period - Shot Blocked by Brendan Smith.
4:20 of 1st period - Shot by Nikita Kucherov.
4:20 of 1st period - Shot Blocked by T.J. Brodie.
4:22 of 1st period - Shot by Nikita Kucherov.
4:22 of 1st period - Deflect By Seth Jarvis.
4:22 of 1st period - Goal by Seth Jarvis - LONG BEACH BARACUDAS : 2 - SASKATOON DUCKS : 0.
4:23 of 1st period - Robert Fabbri wins face-off versus Aleksander Barkov in neutral zone.
4:38 of 1st period - Shot by Nikita Kucherov.
4:38 of 1st period - Stopped by Cayden Primeau without a rebound.
4:39 of 1st period - William Karlsson wins face-off versus Jordan Staal in SASKATOON DUCKS zone.
5:11 of 1st period - Icing by Emil Martinsen Lilleberg.
5:12 of 1st period - Jordan Staal wins face-off versus Aleksander Barkov in SASKATOON DUCKS zone.
5:45 of 1st period - T.J. Brodie is hit by Aleksander Barkov and loses puck.
6:34 of 1st period - Shot by Jake Guentzel.
6:34 of 1st period - Deflect By Sidney Crosby.
6:34 of 1st period - Shot Misses the Net.
6:42 of 1st period - Shot by Jake Guentzel.
6:42 of 1st period - Stopped by Ukko-Pekka Luukkonen without a rebound.
6:43 of 1st period - William Karlsson wins face-off versus Jordan Staal in LONG BEACH BARACUDAS zone.
6:43 of 1st period - William Karlsson is hit by Jordan Staal.
6:46 of 1st period - Icing by Valeri Nichushkin.
6:47 of 1st period - Sidney Crosby wins face-off versus Teuvo Teravainen in LONG BEACH BARACUDAS zone.
6:58 of 1st period - Shot by Jake Guentzel.
6:58 of 1st period - Deflect By Sidney Crosby.
6:58 of 1st period - Stopped by Ukko-Pekka Luukkonen without a rebound.
6:59 of 1st period - Aleksander Barkov wins face-off versus Jordan Staal in LONG BEACH BARACUDAS zone.
7:18 of 1st period - Shot by Aleksander Barkov.
7:18 of 1st period - Shot Misses the Net.
7:20 of 1st period - Shot by Seth Jarvis.
7:20 of 1st period - Stopped by Cayden Primeau with a rebound.
7:22 of 1st period - Shot by Nikita Kucherov.
7:22 of 1st period - Shot Misses the Net.
7:42 of 1st period - Icing by Zachary Werenski.
7:43 of 1st period - Sidney Crosby wins face-off versus Seth Jarvis in LONG BEACH BARACUDAS zone.
8:12 of 1st period - Minor Penalty to Jake Sanderson for Tripping.
8:13 of 1st period - Jordan Staal wins face-off versus Ryan O'Reilly in SASKATOON DUCKS zone.
8:26 of 1st period - Shot by Kyle Connor.
8:26 of 1st period - Shot Misses the Net.
8:28 of 1st period - Shot by Sam Reinhart.
8:28 of 1st period - Shot Blocked by Ben Chiarot.
8:59 of 1st period - Shot by Kyle Connor.
8:59 of 1st period - Shot Misses the Net.
9:52 of 1st period - Shot by Sam Reinhart.
9:52 of 1st period - Deflect By Kyle Connor.
9:52 of 1st period - Stopped by Cayden Primeau without a rebound.
9:53 of 1st period - Aleksander Barkov wins face-off versus Ryan Strome in SASKATOON DUCKS zone.
9:54 of 1st period - Shot by Nikita Kucherov.
9:54 of 1st period - Shot Blocked by T.J. Brodie.
10:10 of 1st period - Shot by Owen Tippett.
10:10 of 1st period - Goal by Owen Tippett - LONG BEACH BARACUDAS : 3 - SASKATOON DUCKS : 0.
10:11 of 1st period - Valeri Nichushkin wins face-off versus Ryan Strome in neutral zone.
11:04 of 1st period - Minor Penalty to Ivan Barbashev for Cross-checking.
11:05 of 1st period - Jordan Staal wins face-off versus Aleksander Barkov in SASKATOON DUCKS zone.
11:18 of 1st period - Shot by Seth Jarvis.
11:18 of 1st period - Shot Misses the Net.
11:28 of 1st period - Shot by Aleksander Barkov.
11:28 of 1st period - Deflect By Seth Jarvis.
11:28 of 1st period - Shot Misses the Net.
11:30 of 1st period - Shot by Seth Jarvis.
11:30 of 1st period - Stopped by Cayden Primeau without a rebound.
11:31 of 1st period - Jordan Staal wins face-off versus Ryan O'Reilly in SASKATOON DUCKS zone.
13:19 of 1st period - Shot by Jake Guentzel.
13:19 of 1st period - Shot Misses the Net.
13:21 of 1st period - Shot by Ivan Barbashev.
13:21 of 1st period - Stopped by Ukko-Pekka Luukkonen without a rebound.
13:22 of 1st period - Ryan O'Reilly wins face-off versus Cam Atkinson in LONG BEACH BARACUDAS zone.
13:22 of 1st period - Ryan O'Reilly is hit by Robert Fabbri.
14:35 of 1st period - Shot by Aleksander Barkov.
14:35 of 1st period - Stopped by Cayden Primeau without a rebound.
14:36 of 1st period - Ryan Strome wins face-off versus Nicolas Roy in SASKATOON DUCKS zone.
14:36 of 1st period - Ryan Strome is hit by Nicolas Roy.
14:52 of 1st period - Shot by Jordan Staal.
14:52 of 1st period - Stopped by Ukko-Pekka Luukkonen without a rebound.
14:53 of 1st period - Aleksander Barkov wins face-off versus Ryan Strome in LONG BEACH BARACUDAS zone.
15:03 of 1st period - Icing by Kasperi Kapanen.
15:04 of 1st period - Aleksander Barkov wins face-off versus Ryan Strome in SASKATOON DUCKS zone.
15:08 of 1st period - Aleksander Barkov is hit by Ben Chiarot and loses puck.
15:36 of 1st period - Nikita Kucherov is hit by Ben Chiarot.
15:39 of 1st period - Minor Penalty to Ben Chiarot for Roughing.
15:40 of 1st period - Jordan Staal wins face-off versus Ryan O'Reilly in SASKATOON DUCKS zone.
15:53 of 1st period - Shot by Sam Reinhart.
15:53 of 1st period - Shot Misses the Net.
15:55 of 1st period - Shot by Ryan O'Reilly.
15:55 of 1st period - Deflect By Kyle Connor.
15:55 of 1st period - Goal by Kyle Connor - LONG BEACH BARACUDAS : 4 - SASKATOON DUCKS : 0.
15:55 of 1st period - Matt Tomkins enters game.
15:56 of 1st period - Sidney Crosby wins face-off versus Nicolas Roy in neutral zone.
16:08 of 1st period - Minor Penalty to Alexander Romanov for Hooking.
16:09 of 1st period - William Karlsson wins face-off versus Mathieu Joseph in LONG BEACH BARACUDAS zone.
16:20 of 1st period - Shot by Jake Sanderson.
16:20 of 1st period - Stopped by Ukko-Pekka Luukkonen with a rebound.
16:22 of 1st period - Shot by Jake Guentzel.
16:22 of 1st period - Shot Blocked by Calvin De Haan.
16:24 of 1st period - Shot by T.J. Brodie.
16:24 of 1st period - Goal by T.J. Brodie - LONG BEACH BARACUDAS : 4 - SASKATOON DUCKS : 1.
16:25 of 1st period - Ondrej Palat wins face-off versus Ryan O'Reilly in neutral zone.
16:44 of 1st period - Shot by Sam Reinhart.
16:44 of 1st period - Shot Misses the Net.
17:31 of 1st period - Shot by Jake Guentzel.
17:31 of 1st period - Stopped by Ukko-Pekka Luukkonen with a rebound.
17:33 of 1st period - Shot by Jake Sanderson.
17:33 of 1st period - Goal by Jake Sanderson - LONG BEACH BARACUDAS : 4 - SASKATOON DUCKS : 2.
17:34 of 1st period - William Karlsson wins face-off versus Sidney Crosby in neutral zone.
17:59 of 1st period - Shot by Sidney Crosby.
17:59 of 1st period - Shot Misses the Net.
18:19 of 1st period - Shot by Sidney Crosby.
18:19 of 1st period - Shot Misses the Net.
18:43 of 1st period - Shot by Mathieu Joseph.
18:43 of 1st period - Shot Misses the Net.
18:46 of 1st period - Icing by Calvin De Haan.
18:47 of 1st period - Kasperi Kapanen wins face-off versus William Karlsson in LONG BEACH BARACUDAS zone.
Goals for this period are 4 for LONG BEACH BARACUDAS vs 2 for SASKATOON DUCKS.
Shots for this period are 13 for LONG BEACH BARACUDAS vs 9 for SASKATOON DUCKS.

2nd period


0:01 of 2nd period - Jordan Staal wins face-off versus Aleksander Barkov in neutral zone.
0:28 of 2nd period - Shot by Aleksander Barkov.
0:28 of 2nd period - Shot Misses the Net.
1:02 of 2nd period - Shot by Ryan O'Reilly.
1:02 of 2nd period - Stopped by Matt Tomkins without a rebound.
1:03 of 2nd period - Ryan O'Reilly wins face-off versus Sidney Crosby in SASKATOON DUCKS zone.
1:13 of 2nd period - Sam Reinhart is hit by Ben Chiarot.
1:52 of 2nd period - Shot by Ryan O'Reilly.
1:52 of 2nd period - Stopped by Matt Tomkins with a rebound.
2:07 of 2nd period - Minor Penalty to Ben Chiarot for Interference.
2:08 of 2nd period - Jordan Staal wins face-off versus Aleksander Barkov in SASKATOON DUCKS zone.
2:43 of 2nd period - Shot by Aleksander Barkov.
2:43 of 2nd period - Shot Misses the Net.
3:31 of 2nd period - Shot by Ryan O'Reilly.
3:31 of 2nd period - Shot Blocked by Ryan Strome.
3:35 of 2nd period - Shot by Sam Reinhart.
3:35 of 2nd period - Shot Misses the Net.
3:37 of 2nd period - Shot by Sam Reinhart.
3:37 of 2nd period - Shot Blocked by Samuel Girard.
3:39 of 2nd period - Shot by Teuvo Teravainen.
3:39 of 2nd period - Shot Misses the Net.
3:41 of 2nd period - Shot by Sam Reinhart.
3:41 of 2nd period - Shot Misses the Net.
4:11 of 2nd period - Shot by Drew Doughty.
4:11 of 2nd period - Stopped by Matt Tomkins with a rebound.
4:23 of 2nd period - Shot by William Karlsson.
4:23 of 2nd period - Shot Misses the Net.
4:25 of 2nd period - Shot by Drew Doughty.
4:25 of 2nd period - Stopped by Matt Tomkins without a rebound.
4:26 of 2nd period - Nicolas Roy wins face-off versus Robert Fabbri in SASKATOON DUCKS zone.
4:27 of 2nd period - Shot by Owen Tippett.
4:27 of 2nd period - Stopped by Matt Tomkins without a rebound.
4:28 of 2nd period - Nicolas Roy wins face-off versus Robert Fabbri in SASKATOON DUCKS zone.
5:41 of 2nd period - Shot by Aleksander Barkov.
5:41 of 2nd period - Shot Misses the Net.
5:51 of 2nd period - Icing by T.J. Brodie.
5:52 of 2nd period - Ryan O'Reilly wins face-off versus Sidney Crosby in SASKATOON DUCKS zone.
6:27 of 2nd period - Shot by Kyle Connor.
6:27 of 2nd period - Deflect By Sam Reinhart.
6:27 of 2nd period - Shot Blocked by T.J. Brodie.
6:59 of 2nd period - Jordan Staal is hit by Alex Vlasic and loses puck.
7:23 of 2nd period - Minor Penalty to Aleksander Barkov for High sticking.
7:24 of 2nd period - William Karlsson wins face-off versus Robert Fabbri in LONG BEACH BARACUDAS zone.
7:57 of 2nd period - Shot by Mathieu Joseph.
7:57 of 2nd period - Stopped by Ukko-Pekka Luukkonen without a rebound.
7:58 of 2nd period - William Karlsson wins face-off versus Sidney Crosby in LONG BEACH BARACUDAS zone.
8:15 of 2nd period - Icing by Mathieu Joseph.
8:16 of 2nd period - Sidney Crosby wins face-off versus William Karlsson in SASKATOON DUCKS zone.
8:18 of 2nd period - Icing by Mathieu Joseph.
8:19 of 2nd period - William Karlsson wins face-off versus Sidney Crosby in SASKATOON DUCKS zone.
8:34 of 2nd period - Shot by Sidney Crosby.
8:34 of 2nd period - Shot Misses the Net.
8:36 of 2nd period - Shot by Samuel Girard.
8:36 of 2nd period - Stopped by Ukko-Pekka Luukkonen without a rebound.
8:37 of 2nd period - Jordan Staal wins face-off versus William Karlsson in LONG BEACH BARACUDAS zone.
8:54 of 2nd period - Shot by Ivan Barbashev.
8:54 of 2nd period - Stopped by Ukko-Pekka Luukkonen without a rebound.
8:55 of 2nd period - Sidney Crosby wins face-off versus Nicolas Roy in LONG BEACH BARACUDAS zone.
9:00 of 2nd period - Shot by Jake Sanderson.
9:00 of 2nd period - Stopped by Ukko-Pekka Luukkonen with a rebound.
9:02 of 2nd period - Shot by Mathieu Joseph.
9:02 of 2nd period - Shot Misses the Net.
9:48 of 2nd period - Shot by Nikita Kucherov.
9:48 of 2nd period - Stopped by Matt Tomkins without a rebound.
9:49 of 2nd period - Ryan O'Reilly wins face-off versus Jordan Staal in SASKATOON DUCKS zone.
9:54 of 2nd period - Shot by Kyle Connor.
9:54 of 2nd period - Goal by Kyle Connor - LONG BEACH BARACUDAS : 5 - SASKATOON DUCKS : 2.
9:55 of 2nd period - Robert Fabbri wins face-off versus Ryan O'Reilly in neutral zone.
10:28 of 2nd period - Shot by Sam Reinhart.
10:28 of 2nd period - Shot Blocked by T.J. Brodie.
10:30 of 2nd period - Shot by Ryan O'Reilly.
10:30 of 2nd period - Stopped by Matt Tomkins with a rebound.
10:32 of 2nd period - Shot by Zachary Werenski.
10:32 of 2nd period - Shot Blocked by T.J. Brodie.
11:16 of 2nd period - Samuel Girard is hit by Drew Doughty and loses puck.
11:19 of 2nd period - Shot by Ondrej Palat.
11:19 of 2nd period - Shot Blocked by Drew Doughty.
12:03 of 2nd period - Shot by Jake Guentzel.
12:03 of 2nd period - Shot Misses the Net.
12:05 of 2nd period - Shot by Sidney Crosby.
12:05 of 2nd period - Stopped by Ukko-Pekka Luukkonen with a rebound.
12:07 of 2nd period - Shot by Jake Guentzel.
12:07 of 2nd period - Stopped by Ukko-Pekka Luukkonen without a rebound.
12:08 of 2nd period - Sidney Crosby wins face-off versus Nicolas Roy in LONG BEACH BARACUDAS zone.
12:51 of 2nd period - Shot by Owen Tippett.
12:51 of 2nd period - Stopped by Matt Tomkins without a rebound.
12:52 of 2nd period - Aleksander Barkov wins face-off versus Robert Fabbri in SASKATOON DUCKS zone.
13:06 of 2nd period - Icing by Cam Atkinson.
13:07 of 2nd period - Ryan O'Reilly wins face-off versus Robert Fabbri in SASKATOON DUCKS zone.
13:10 of 2nd period - Shot by Sam Reinhart.
13:10 of 2nd period - Shot Blocked by T.J. Brodie.
13:44 of 2nd period - Shot by Ryan O'Reilly.
13:44 of 2nd period - Deflect By Sam Reinhart.
13:44 of 2nd period - Shot Misses the Net.
14:07 of 2nd period - Jordan Staal is hit by Alex Vlasic and loses puck.
15:03 of 2nd period - Icing by Alexander Romanov.
15:04 of 2nd period - William Karlsson wins face-off versus Sidney Crosby in LONG BEACH BARACUDAS zone.
15:14 of 2nd period - Icing by Ivan Barbashev.
15:15 of 2nd period - Ryan O'Reilly wins face-off versus Sidney Crosby in SASKATOON DUCKS zone.
15:20 of 2nd period - Shot by Ryan O'Reilly.
15:20 of 2nd period - Goal by Ryan O'Reilly - LONG BEACH BARACUDAS : 6 - SASKATOON DUCKS : 2.
15:21 of 2nd period - Robert Fabbri wins face-off versus Ryan O'Reilly in neutral zone.
15:46 of 2nd period - Shot by Cam Atkinson.
15:46 of 2nd period - Shot Misses the Net.
15:56 of 2nd period - Shot by Mathieu Joseph.
15:56 of 2nd period - Shot Misses the Net.
16:34 of 2nd period - Shot by Jordan Staal.
16:34 of 2nd period - Shot Misses the Net.
16:41 of 2nd period - Icing by Aleksander Barkov.
16:42 of 2nd period - Aleksander Barkov wins face-off versus Sidney Crosby in LONG BEACH BARACUDAS zone.
16:42 of 2nd period - Aleksander Barkov is hit by Jake Guentzel.
16:55 of 2nd period - Icing by Emil Martinsen Lilleberg.
16:56 of 2nd period - Sidney Crosby wins face-off versus William Karlsson in SASKATOON DUCKS zone.
17:11 of 2nd period - Shot by Sidney Crosby.
17:11 of 2nd period - Stopped by Ukko-Pekka Luukkonen with a rebound.
17:13 of 2nd period - Shot by Emil Martinsen Lilleberg.
17:13 of 2nd period - Stopped by Ukko-Pekka Luukkonen without a rebound.
17:14 of 2nd period - Jordan Staal wins face-off versus Aleksander Barkov in LONG BEACH BARACUDAS zone.
17:17 of 2nd period - Shot by Ryan Strome.
17:17 of 2nd period - Shot Blocked by Zachary Werenski.
18:34 of 2nd period - Shot by Sam Reinhart.
18:34 of 2nd period - Deflect By Kyle Connor.
18:34 of 2nd period - Stopped by Matt Tomkins without a rebound.
18:35 of 2nd period - Mathieu Joseph wins face-off versus Teuvo Teravainen in SASKATOON DUCKS zone.
18:41 of 2nd period - Mathieu Joseph is hit by Brendan Smith and loses puck.
18:46 of 2nd period - Shot by Cam Atkinson.
18:46 of 2nd period - Stopped by Ukko-Pekka Luukkonen without a rebound.
18:47 of 2nd period - Ryan O'Reilly wins face-off versus Sidney Crosby in LONG BEACH BARACUDAS zone.
19:04 of 2nd period - Icing by Sidney Crosby.
19:05 of 2nd period - Sidney Crosby wins face-off versus Valeri Nichushkin in SASKATOON DUCKS zone.
19:26 of 2nd period - Shot by Ivan Barbashev.
19:26 of 2nd period - Shot Misses the Net.
19:28 of 2nd period - Shot by Jake Guentzel.
19:28 of 2nd period - Shot Misses the Net.
19:34 of 2nd period - Shot by Sidney Crosby.
19:34 of 2nd period - Shot Misses the Net.
19:36 of 2nd period - Shot by Sidney Crosby.
19:36 of 2nd period - Shot Misses the Net.
19:38 of 2nd period - Shot by Sidney Crosby.
19:38 of 2nd period - Shot Misses the Net.
Goals for this period are 2 for LONG BEACH BARACUDAS vs 0 for SASKATOON DUCKS.
Shots for this period are 11 for LONG BEACH BARACUDAS vs 9 for SASKATOON DUCKS.

3rd period


0:01 of 3rd period - Ondrej Palat wins face-off versus Aleksander Barkov in neutral zone.
0:26 of 3rd period - Shot by Nikita Kucherov.
0:26 of 3rd period - Stopped by Matt Tomkins without a rebound.
0:27 of 3rd period - Ryan O'Reilly wins face-off versus Sidney Crosby in SASKATOON DUCKS zone.
0:45 of 3rd period - Icing by Jake Guentzel.
0:46 of 3rd period - Sidney Crosby wins face-off versus Aleksander Barkov in SASKATOON DUCKS zone.
0:53 of 3rd period - Shot by Jake Guentzel.
0:53 of 3rd period - Shot Blocked by Zachary Werenski.
0:56 of 3rd period - Icing by Alex Vlasic.
0:57 of 3rd period - Aleksander Barkov wins face-off versus Jordan Staal in LONG BEACH BARACUDAS zone.
1:02 of 3rd period - Shot by Nikita Kucherov.
1:02 of 3rd period - Stopped by Matt Tomkins without a rebound.
1:03 of 3rd period - Jordan Staal wins face-off versus Aleksander Barkov in SASKATOON DUCKS zone.
1:13 of 3rd period - Icing by Alex Vlasic.
1:14 of 3rd period - Mathieu Joseph wins face-off versus Aleksander Barkov in LONG BEACH BARACUDAS zone.
1:51 of 3rd period - Off-side.
1:52 of 3rd period - Jordan Staal wins face-off versus Ryan O'Reilly in neutral zone.
2:09 of 3rd period - Shot by Ondrej Palat.
2:09 of 3rd period - Shot Hit the Post.
2:46 of 3rd period - Sam Reinhart is hit by Emil Martinsen Lilleberg and loses puck.
2:57 of 3rd period - Shot by Jake Guentzel.
2:57 of 3rd period - Shot Blocked by Drew Doughty.
2:59 of 3rd period - Shot by Jake Guentzel.
2:59 of 3rd period - Shot Misses the Net.
3:40 of 3rd period - Nikita Kucherov is hit by Emil Martinsen Lilleberg and loses puck.
3:55 of 3rd period - Shot by Zachary Werenski.
3:55 of 3rd period - Stopped by Matt Tomkins without a rebound.
3:56 of 3rd period - William Karlsson wins face-off versus Robert Fabbri in SASKATOON DUCKS zone.
4:18 of 3rd period - Shot by William Karlsson.
4:18 of 3rd period - Stopped by Matt Tomkins without a rebound.
4:19 of 3rd period - Jordan Staal wins face-off versus Nicolas Roy in SASKATOON DUCKS zone.
5:53 of 3rd period - Icing by Samuel Girard.
5:54 of 3rd period - Robert Fabbri wins face-off versus Ryan O'Reilly in SASKATOON DUCKS zone.
5:54 of 3rd period - Robert Fabbri is hit by Sam Reinhart.
6:00 of 3rd period - Shot by Kyle Connor.
6:00 of 3rd period - Shot Misses the Net.
6:20 of 3rd period - Off-side.
6:21 of 3rd period - Teuvo Teravainen wins face-off versus Jake Guentzel in neutral zone.
6:54 of 3rd period - Shot by Sidney Crosby.
6:54 of 3rd period - Shot Misses the Net.
6:56 of 3rd period - Shot by Sidney Crosby.
6:56 of 3rd period - Deflect By Jake Guentzel.
6:56 of 3rd period - Shot Misses the Net.
7:01 of 3rd period - Minor Penalty to Alex Vlasic for Holding.
7:02 of 3rd period - Jordan Staal wins face-off versus Teuvo Teravainen in LONG BEACH BARACUDAS zone.
7:23 of 3rd period - Shot by Jordan Staal.
7:23 of 3rd period - Stopped by Ukko-Pekka Luukkonen with a rebound.
8:44 of 3rd period - Shot by Ondrej Palat.
8:44 of 3rd period - Shot Misses the Net.
8:46 of 3rd period - Shot by Ondrej Palat.
8:46 of 3rd period - Stopped by Ukko-Pekka Luukkonen with a rebound.
8:59 of 3rd period - Icing by Jake Sanderson.
9:00 of 3rd period - Jordan Staal wins face-off versus William Karlsson in SASKATOON DUCKS zone.
9:16 of 3rd period - Icing by Kasperi Kapanen.
9:17 of 3rd period - Aleksander Barkov wins face-off versus Ryan Strome in SASKATOON DUCKS zone.
10:14 of 3rd period - Shot by Kyle Connor.
10:14 of 3rd period - Deflect By Sam Reinhart.
10:14 of 3rd period - Stopped by Matt Tomkins with a rebound.
10:35 of 3rd period - Shot by Sidney Crosby.
10:35 of 3rd period - Shot Misses the Net.
10:37 of 3rd period - Shot by T.J. Brodie.
10:37 of 3rd period - Stopped by Ukko-Pekka Luukkonen without a rebound.
10:38 of 3rd period - Robert Fabbri wins face-off versus William Karlsson in LONG BEACH BARACUDAS zone.
10:43 of 3rd period - Shot by Mathieu Joseph.
10:43 of 3rd period - Stopped by Ukko-Pekka Luukkonen with a rebound.
10:44 of 3rd period - Minor Penalty to Mathieu Joseph for Tripping.
10:45 of 3rd period - Ryan O'Reilly wins face-off versus Jordan Staal in SASKATOON DUCKS zone.
11:18 of 3rd period - Shot by Ryan O'Reilly.
11:18 of 3rd period - Stopped by Matt Tomkins with a rebound.
11:40 of 3rd period - Shot by Sam Reinhart.
11:40 of 3rd period - Shot Misses the Net.
11:54 of 3rd period - Shot by Sam Reinhart.
11:54 of 3rd period - Stopped by Matt Tomkins without a rebound.
11:55 of 3rd period - Ryan Strome wins face-off versus Aleksander Barkov in SASKATOON DUCKS zone.
13:43 of 3rd period - Shot by Jake Guentzel.
13:43 of 3rd period - Shot Blocked by Alex Vlasic.
14:02 of 3rd period - Shot by Sam Reinhart.
14:02 of 3rd period - Stopped by Matt Tomkins without a rebound.
14:03 of 3rd period - Aleksander Barkov wins face-off versus Ondrej Palat in SASKATOON DUCKS zone.
14:06 of 3rd period - Shot by Nikita Kucherov.
14:06 of 3rd period - Shot Blocked by Ben Chiarot.
14:16 of 3rd period - Shot by Nikita Kucherov.
14:16 of 3rd period - Goal by Nikita Kucherov - LONG BEACH BARACUDAS : 7 - SASKATOON DUCKS : 2.
14:17 of 3rd period - Ryan Strome wins face-off versus Owen Tippett in neutral zone.
14:22 of 3rd period - Shot by Kasperi Kapanen.
14:22 of 3rd period - Shot Misses the Net.
14:24 of 3rd period - Shot by Ben Chiarot.
14:24 of 3rd period - Shot Misses the Net.
14:26 of 3rd period - Shot by Samuel Girard.
14:26 of 3rd period - Stopped by Ukko-Pekka Luukkonen without a rebound.
14:27 of 3rd period - Sidney Crosby wins face-off versus Aleksander Barkov in LONG BEACH BARACUDAS zone.
14:28 of 3rd period - Shot by Jake Guentzel.
14:28 of 3rd period - Stopped by Ukko-Pekka Luukkonen without a rebound.
14:29 of 3rd period - Aleksander Barkov wins face-off versus Sidney Crosby in LONG BEACH BARACUDAS zone.
14:29 of 3rd period - Aleksander Barkov is hit by Ivan Barbashev.
14:52 of 3rd period - Icing by T.J. Brodie.
14:53 of 3rd period - Ryan O'Reilly wins face-off versus Sidney Crosby in SASKATOON DUCKS zone.
15:06 of 3rd period - Shot by Jake Guentzel.
15:06 of 3rd period - Stopped by Ukko-Pekka Luukkonen without a rebound.
15:07 of 3rd period - Jordan Staal wins face-off versus Seth Jarvis in LONG BEACH BARACUDAS zone.
15:26 of 3rd period - Shot by Ondrej Palat.
15:26 of 3rd period - Shot Misses the Net.
15:28 of 3rd period - Shot by Ondrej Palat.
15:28 of 3rd period - Shot Misses the Net.
15:44 of 3rd period - Shot by Jordan Staal.
15:44 of 3rd period - Shot Misses the Net.
16:13 of 3rd period - Off-side.
16:14 of 3rd period - Sidney Crosby wins face-off versus Kyle Connor in neutral zone.
16:21 of 3rd period - Shot by Sam Reinhart.
16:21 of 3rd period - Goal by Sam Reinhart - LONG BEACH BARACUDAS : 8 - SASKATOON DUCKS : 2.
16:22 of 3rd period - Ryan O'Reilly wins face-off versus Jake Guentzel in neutral zone.
16:28 of 3rd period - Minor Penalty to T.J. Brodie for Hooking.
16:29 of 3rd period - Ryan O'Reilly wins face-off versus Jordan Staal in SASKATOON DUCKS zone.
16:32 of 3rd period - Shot by Ryan O'Reilly.
16:32 of 3rd period - Shot Misses the Net.
16:41 of 3rd period - Kyle Connor is hit by Ben Chiarot and loses puck.
16:46 of 3rd period - Shot by Ryan O'Reilly.
16:46 of 3rd period - Shot Misses the Net.
16:58 of 3rd period - Shot by Kyle Connor.
16:58 of 3rd period - Stopped by Matt Tomkins without a rebound.
16:59 of 3rd period - Ryan Strome wins face-off versus Seth Jarvis in SASKATOON DUCKS zone.
17:05 of 3rd period - Icing by Seth Jarvis.
17:06 of 3rd period - Jordan Staal wins face-off versus Aleksander Barkov in LONG BEACH BARACUDAS zone.
18:22 of 3rd period - Shot by Kyle Connor.
18:22 of 3rd period - Stopped by Matt Tomkins without a rebound.
18:23 of 3rd period - Ryan O'Reilly wins face-off versus Ryan Strome in SASKATOON DUCKS zone.
18:26 of 3rd period - Shot by Ryan O'Reilly.
18:26 of 3rd period - Stopped by Matt Tomkins with a rebound.
18:26 of 3rd period - Matt Tomkins from SASKATOON DUCKS is injured at 18:26 of 3rd period (Strained Left Elbow).
18:26 of 3rd period - Cayden Primeau enters game.
18:27 of 3rd period - Ryan Strome wins face-off versus Ryan O'Reilly in SASKATOON DUCKS zone.
18:27 of 3rd period - Ryan Strome is hit by Teuvo Teravainen.
19:46 of 3rd period - Minor Penalty to Aleksander Barkov for Tripping.
19:47 of 3rd period - Jordan Staal wins face-off versus Nicolas Roy in LONG BEACH BARACUDAS zone.
19:58 of 3rd period - Shot by Mathieu Joseph.
19:58 of 3rd period - Goal by Mathieu Joseph - LONG BEACH BARACUDAS : 8 - SASKATOON DUCKS : 3.
19:59 of 3rd period - Ryan O'Reilly wins face-off versus Robert Fabbri in neutral zone.
Goals for this period are 2 for LONG BEACH BARACUDAS vs 1 for SASKATOON DUCKS.
Shots for this period are 13 for LONG BEACH BARACUDAS vs 8 for SASKATOON DUCKS.


MATTHEW
TKACHUK
TOM
WILSON
JAKE
GUENTZEL